 Dungeon Crawl Stone Soup version 0.24.0-123-gd5b16e6ec5 (webtiles) character file.

Game seed: 8737398205432963603, levelgen mode: deterministic

48 Norian the Conjurer (level 3, -1/26 HPs)
             Began as a Draconian Conjurer on Dec 21, 2019.
             Slain by an adder (4 damage)
             ... on level 2 of the Dungeon.
             The game lasted 00:03:24 (775 turns).

Norian the Conjurer (Draconian Conjurer)             Turns: 775, Time: 00:03:25

Health: -1/26      AC:  5    Str: 10    XL:     3   Next: 50%
Magic:  0/7        EV: 12    Int: 16    God:
Gold:   77         SH:  0    Dex: 11    Spells: 6/7 levels left

rFire    . . .     SeeInvis .   c - +1 short sword (venom)
rCold    . . .     Gourm    .   (no shield)
rNeg     . . .     Faith    .   (armour unavailable)
rPois    .         Spirit   .   (helmet restricted)
rElec    .         Reflect  .   (no cloak)
rCorr    .         Harm     .   (no gloves)
MR       .....                  (no boots)
Stlth    ++........             (no amulet)
HPRegen  0.08/turn              (no ring)
MPRegen  0.10/turn              (no ring)

@: lethally poisoned (-1 -> -8), very slightly contaminated
A: unfitting armour, cold-blooded, AC +5
a: no special abilities


You were on level 2 of the Dungeon.
You were not hungry.

You visited 1 branch of the dungeon, and saw 2 of its levels.

You collected 77 gold pieces.

Inventory:

Hand Weapons
 c - a +1 short sword of venom (weapon)
Jewellery
 e - an uncursed ring of protection from fire {unknown}
 f - an uncursed ring of fire {unknown}
Scrolls
 a - 3 scrolls of identify {unknown}
 g - a scroll of blinking {unknown}
Potions
 d - 2 potions of curing {unknown}
Comestibles
 b - 3 rations


   Skills:
 - Level 1.7 Dodging
 - Level 1.7 Stealth
 + Level 2.9 Spellcasting
 + Level 4.7 Conjurations


You had 6 spell levels left.
You knew the following spells:

 Your Spells              Type           Power        Failure   Level  Hunger
a - Magic Dart            Conj           ###.         2%          1    #......

Your spell library contained the following spells:

 Spells                   Type           Power        Failure   Level  Hunger
 Searing Ray              Conj           ###...       4%          2    ##.....
 Dazzling Spray           Conj/Hex       #.....       22%         3    ###....
 Iskenderun's Mystic Bla  Conj           ###.....     26%         4    #####..
 Force Lance              Conj/Tloc      #.......     56%         4    #####..
 Fulminant Prism          Conj/Hex       #.........   56%         4    #####..


Dungeon Overview and Level Annotations

Branches:
Dungeon (2/15)

Altars:
Ashenzari


Innate Abilities, Weirdness & Mutations

Your plain brown scales are hard. (AC +5)
You cannot fit into any form of body armour.
You are cold-blooded and may be slowed by cold attacks.


Message History

The adder poisons you!
Casting: Magic Dart (safe; 3% risk of failure)
Confirm with . or Enter, or press ? or * to list all spells.
Aiming: Magic Dart (safe; 3% risk of failure)
Press: ? - help, Shift-Dir - straight line, f/p - adder
Aim: an adder (almost dead)
The magic dart hits the adder.
You kill the adder!
You feel sick. The adder bites you.
* * * LOW HITPOINT WARNING * * *
The adder barely misses you.
Casting: Magic Dart (safe; 2% risk of failure)
Confirm with . or Enter, or press ? or * to list all spells.
Aiming: Magic Dart (safe; 2% risk of failure)
Press: ? - help, Shift-Dir - straight line, f - adder
Aim: an adder (moderately wounded, poisoned)
The magic dart hits the adder.
The adder is heavily wounded.
The adder bites you.
You die...

#.# ##.....# #.#
#...####
#.....#...#
####..###.# ##.
#.# ## #.# #†#
### ###.#.....
#@†........
.....$S.#........
...######........
#........
.........
#........
##....... .<....


You could see an adder.

Vanquished Creatures
  2 adders (D:2)
  A shadow imp (D:2)
  A dart slug (D:1)
  A giant cockroach (D:1)
  2 goblins (D:1)
  3 hobgoblins
  A bat (D:2)
  2 frilled lizards (D:1)
  4 kobolds
  6 rats
23 creatures vanquished.

Notes
Turn   | Place    | Note
-------+----------+-------------------------------------------
     0 | D:1      | Norian the Draconian Conjurer began the quest for the Orb.
     0 | D:1      | Reached XP level 1. HP: 14/14 MP: 3/3
    76 | D:1      | Found a shattered altar of Ashenzari.
   201 | D:1      | Reached XP level 2. HP: 20/20 MP: 1/5
   681 | D:2      | Reached XP level 3. HP: 23/26 MP: 7/7
   775 | D:2      | Slain by an adder

Levels and vault maps discovered:
D:1:      dpeg_arrival_triangle_fractal, layout_rooms,
          nicolae_ashenzari_panopticon
D:2:      layout_rooms, grunt_ministairs_6, chequers_serial_rivers_micro_c

Action                   || total
-------------------------++-------
Melee: Unarmed           ||     9
       Short sword       ||    51
       Tailslap          ||     4
 Cast: Magic Dart        ||    15
Armor: Skin              ||    29
Dodge: Dodged            ||    50
